[Event "Slovakia Chess Open 2024"]
[Site "Modra"]
[Date "2024.03.02"]
[Round "2.7"]
[White "Oruzinsky, Juraj"]
[Black "Bucor, Mark"]
[Result "1/2-1/2"]
[ECO "B12"]
[WhiteElo "2160"]
[BlackElo "1852"]
[Annotator "ChessBase"]
[PlyCount "89"]
[EventDate "2024.02.29"]
[EventType "swiss"]
[EventCountry "SVK"]
[SourceTitle "playchess.com"]
[Source "ChessBase"]
[SourceQuality "1"]
[TimeControl "5400+30"]

1. e4 c6 2. d4 d5 3. f3 dxe4 4. fxe4 e5 5. Nf3 Bg4 6. c3 Nf6 7. Bc4 Nbd7 8. Qb3 Bh5 9. Ng5 Qe7 10. Qxb7 Rb8 11. Qxc6 exd4 12. cxd4 h6 13. Nf3 Qxe4+ 14. Qxe4+ Nxe4 15. O-O Be7 16. Bd3 Ng5 17. Nxg5 hxg5 18. Nc3 O-O 19. Nd5 Bd8 20. Bf5 Nf6 21. Ne3 Bb6 22. g4 Bg6 23. Bxg6 fxg6 24. Rd1 Rfd8 25. h3 Rxd4 26. Rxd4 Bxd4 27. Kf1 Bxb2 28. Rb1 Be5 29. Rxb8+ Bxb8 30. Ke2 Ne4 31. Nd5 Bf4 32. Bxf4 gxf4 33. Nxf4 Nc3+ 34. Kd3 Nxa2 35. Nxg6 Nc1+ 36. Kd2 Nb3+ 37. Kc3 Nc5 38. Ne5 Kh7 39. h4 Ne6 40. Nc6 g5 41. h5 Nf4 42. Nxa7 Nxh5 43. Nc6 Nf6 44. Ne5 Nxg4 45. Nxg4 1/2-1/2

[Event "Slovakia Chess Open 2024"]
[Site "Modra"]
[Date "2024.03.02"]
[Round "2.9"]
[White "Visvader, Kristof"]
[Black "Li, Geng Hui"]
[Result "1-0"]
[ECO "C02"]
[WhiteElo "1696"]
[BlackElo "1555"]
[Annotator "NA RC"]
[PlyCount "63"]
[EventDate "2024.02.29"]
[EventType "swiss"]
[EventCountry "SVK"]
[SourceTitle "playchess.com"]
[Source "ChessBase"]
[SourceQuality "1"]
[TimeControl "5400+30"]

1. e4 e6 2. d4 d5 3. e5 c5 4. c3 Nc6 5. Nf3 Nge7 6. a3 Qb6 7. b4 cxd4 8. cxd4 Nf5 9. Bb2 Be7 10. Be2 Bd7 11. O-O Rc8 12. Qd3 Na5 13. Nbd2 Nc4 14. Nxc4 Rxc4 15. Qd2 Rc7 16. Rfc1 O-O 17. Bd3 Rfc8 18. h3 h6 19. g4 Nh4 20. Nxh4 Bxh4 21. f4 Be7 22. g5 hxg5 23. fxg5 g6 24. Rf1 Kg7 25. Qf4 Rf8 26. Qh4 Rh8 27. Rxf7+ Kg8 28. Qf2 Be8 29. Rf1 Qc6 30. Rxe7 Rxe7 31. Qf8+ Kh7 32. Qh6+ 1-0

[Event "Slovakia Chess Open 2024"]
[Site "Modra"]
[Date "2024.03.02"]
[Round "2.10"]
[White "Chojnacki, Kevin"]
[Black "Smetana, Peter"]
[Result "1-0"]
[ECO "A04"]
[WhiteElo "1672"]
[BlackElo "1993"]
[Annotator "NA RC"]
[PlyCount "101"]
[EventDate "2024.02.29"]
[EventType "swiss"]
[EventCountry "SVK"]
[SourceTitle "playchess.com"]
[Source "ChessBase"]
[SourceQuality "1"]
[TimeControl "5400+30"]

1. Nf3 c5 2. b3 Nc6 3. Bb2 d6 4. d4 cxd4 5. Nxd4 Nf6 6. Nxc6 {[%emt 0:00:42] A04: Unusual lines after 1 Nf3 and King's Indian Attack.} bxc6 7. c4 e5 8. g3 Be7 9. Bg2 Qc7 10. O-O O-O 11. Nc3 Bb7 12. Rc1 Rad8 13. e4 Bc8 14. Kh1 Nd7 15. b4 Qb6 16. Qb3 Nf6 17. a4 Be6 18. a5 Qa6 19. b5 Qxa5 20. bxc6 Rb8 21. Qc2 Qc5 22. Nd5 Bd8 23. f4 Ng4 24. Qe2 Qxc6 25. f5 Bxd5 26. cxd5 Qb6 27. Ba3 $11 Ne3 28. Bxd6 Nxf1 29. Bxb8 Nxg3+ 30. hxg3 Qxb8 31. Bf1 Qb3 32. Qd3 Qxd3 33. Bxd3 Bb6 34. Bb5 Rd8 35. Kg2 Kf8 36. Rc6 Ke7 37. g4 h6 38. Kf3 Rd6 39. Rc8 Rd8 40. Rc6 Ba5 41. Ra6 Bb6 42. Bc6 Kd6 43. Ke2 Rh8 44. Ra1 Rb8 45. Rc1 Bc5 46. Rc4 Rb3 47. Be8 Rg3 48. Bxf7 Rxg4 49. Kf3 Rg1 50. Bh5 Rg5 51. Bg6 1-0

[Event "Slovakia Chess Open 2024"]
[Site "Modra"]
[Date "2024.03.02"]
[Round "2.11"]
[White "Pisarcik, Richard"]
[Black "Hasala, Richard"]
[Result "1-0"]
[ECO "C52"]
[WhiteElo "1855"]
[BlackElo "1935"]
[Annotator "NA"]
[PlyCount "61"]
[EventDate "2024.02.29"]
[EventType "swiss"]
[EventCountry "SVK"]
[SourceTitle "playchess.com"]
[Source "ChessBase"]
[SourceQuality "1"]
[TimeControl "5400+30"]

1. e4 e5 2. Nf3 Nc6 3. Bc4 Bc5 4. b4 Bxb4 5. c3 Ba5 6. d4 d6 7. Qb3 Qd7 8. O-O Bb6 9. dxe5 Na5 10. Qb4 Nxc4 11. Qxc4 dxe5 12. Nxe5 Qe6 13. Bf4 f6 14. Qa4+ c6 15. Nc4 Bc5 {[%emt 0:00:06] [#]} 16. Nba3 $11 ({Better is} 16. Nbd2 $1 $16) 16... Bd7 17. Rad1 b5 18. Qa5 Ne7 19. Nd6+ Kf8 20. c4 g5 21. Bg3 h5 22. Nb7 Bb6 23. Qc3 Nc8 24. c5 h4 25. Bd6+ Kf7 26. cxb6 axb6 27. Bc7 Kg7 28. Nd6 Ra4 29. Nc2 Ra7 30. Nd4 Qe5 31. N6f5+ 1-0

[Event "Slovakia Chess Open 2024"]
[Site "Modra"]
[Date "2024.03.02"]
[Round "2.12"]
[White "Nosal, Tobias"]
[Black "Gonda, Jan"]
[Result "0-1"]
[ECO "D02"]
[WhiteElo "1773"]
[BlackElo "1657"]
[Annotator "NA RC"]
[PlyCount "144"]
[EventDate "2024.02.29"]
[EventType "swiss"]
[EventCountry "SVK"]
[SourceTitle "playchess.com"]
[Source "ChessBase"]
[SourceQuality "1"]
[TimeControl "5400+30"]

1. d4 d5 2. Nc3 e6 3. Bf4 a6 4. e3 c5 5. Nf3 Nc6 6. Be2 Nf6 7. O-O b5 8. dxc5 Bxc5 9. Ne5 Bb7 10. Bf3 Rc8 11. Ne2 O-O 12. Nxc6 Bxc6 13. Nd4 Bb7 14. Re1 Re8 15. Nb3 Be7 16. c3 h6 17. Qe2 Bd6 18. Bxd6 Qxd6 19. Rad1 Qb8 20. Nd2 Red8 21. e4 dxe4 22. Nxe4 Nxe4 23. Bxe4 Bxe4 24. Qxe4 Qb6 25. g3 Rd6 26. Rxd6 Qxd6 27. Qe5 Qxe5 28. Rxe5 Rd8 29. Re2 Rd1+ 30. Kg2 Kf8 31. Rc2 Ke7 32. c4 bxc4 33. Rxc4 Kd7 34. Ra4 Rd6 35. Kf3 f5 36. h4 e5 37. Ra5 Ke6 38. b4 g5 39. hxg5 hxg5 40. a4 e4+ 41. Ke3 Rd3+ 42. Ke2 Rd6 43. b5 axb5 44. Rxb5 Rd4 45. a5 Ra4 46. Rb6+ Ke5 47. Rb5+ Ke6 48. Rb6+ Ke5 49. Rb5+ Ke6 50. Ke3 Ra3+ 51. Kd4 Ra4+ 52. Kc5 Ra2 53. Kb6 Rxf2 54. a6 Ra2 55. Ra5 Rxa5 56. Kxa5 e3 57. a7 e2 58. a8=Q e1=Q+ 59. Kb5 Qb1+ 60. Kc5 Qc2+ 61. Kd4 Qd2+ 62. Kc4 Qc2+ 63. Kd4 Qf2+ 64. Kc4 Qxg3 65. Qe8+ Kf6 66. Qf8+ Kg6 67. Qe8+ Kg7 68. Qe7+ Kh6 69. Qf6+ Kh5 70. Qxf5 Qg4+ 71. Qxg4+ Kxg4 72. Kd3 Kf3 0-1

[Event "Slovakia Chess Open 2024"]
[Site "Modra"]
[Date "2024.03.02"]
[Round "2.13"]
[White "Smolka, Robert"]
[Black "Loffay, Pavol"]
[Result "0-1"]
[ECO "B07"]
[WhiteElo "1620"]
[BlackElo "1753"]
[Annotator "NA RC"]
[PlyCount "56"]
[EventDate "2024.02.29"]
[EventType "swiss"]
[EventCountry "SVK"]
[SourceTitle "playchess.com"]
[Source "ChessBase"]
[SourceQuality "1"]
[TimeControl "5400+30"]

1. e4 d6 2. d4 Nf6 3. Nc3 g6 4. Be3 c6 5. Bc4 Bg7 6. Qd2 b5 7. Bd3 O-O 8. f3 Nbd7 9. a3 Nb6 10. b3 Bb7 11. Nge2 Qc7 12. h4 h5 13. Kf2 a6 14. Bh6 c5 15. Bxg7 Kxg7 16. Nf4 e5 17. dxe5 dxe5 18. Nfd5 Nbxd5 19. exd5 Nxd5 20. Nxd5 Bxd5 21. Bxg6 fxg6 22. Qxd5 Rad8 23. Qe4 Rd2+ 24. Ke3 Rd4 25. Qxd4 cxd4+ 26. Kd3 Qc3+ 27. Ke4 Qxc2+ 28. Kxe5 Qf5+ 0-1

[Event "Slovakia Chess Open 2024"]
[Site "Modra"]
[Date "2024.03.02"]
[Round "2.14"]
[White "Gecik Jergus"]
[Black "Pikulik, Roman"]
[Result "1-0"]
[ECO "B34"]
[WhiteElo "1000"]
[BlackElo "1675"]
[Annotator "NA RC"]
[PlyCount "21"]
[EventDate "2024.02.29"]
[EventType "swiss"]
[EventCountry "SVK"]
[SourceTitle "playchess.com"]
[Source "ChessBase"]
[SourceQuality "1"]
[TimeControl "5400+30"]

1. e4 c5 2. Nf3 Nc6 3. Nc3 g6 4. d4 cxd4 5. Nxd4 Bg7 6. Nxc6 bxc6 7. Bc4 Qa5 8. Bd2 Qb6 9. Na4 Qd4 10. Qe2 Nf6 11. Bc3 1-0

[Event "Slovakia Chess Open 2024"]
[Site "Modra"]
[Date "2024.03.02"]
[Round "2.15"]
[White "Fratric, Jakub"]
[Black "Veres, Alex"]
[Result "1/2-1/2"]
[ECO "C17"]
[WhiteElo "1750"]
[BlackElo "1584"]
[Annotator "NA RC"]
[PlyCount "72"]
[EventDate "2024.02.29"]
[EventType "swiss"]
[EventCountry "SVK"]
[SourceTitle "playchess.com"]
[Source "ChessBase"]
[SourceQuality "1"]
[TimeControl "5400+30"]

1. e4 e6 2. d4 d5 3. Nc3 Bb4 4. e5 c5 5. Bd2 a6 6. Nce2 Bxd2+ 7. Qxd2 Nc6 8. f4 Qb6 9. c3 Nge7 10. Nf3 Bd7 11. Nc1 cxd4 12. cxd4 Nf5 13. Nb3 Rc8 14. g4 Nfe7 15. Rc1 Nb4 16. Rxc8+ Nxc8 17. a3 Ba4 18. axb4 Bxb3 19. Qc3 Bc4 20. Bxc4 dxc4 21. b3 Qc6 22. Qxc4 Ne7 23. Kf2 O-O 24. Kg3 Rc8 25. Qc5 Qd7 26. Qd6 Qxd6 27. exd6 Nc6 28. b5 axb5 29. Rc1 Rd8 30. Rc5 Rxd6 31. Rxb5 Rd7 32. Ne5 Nxe5 33. dxe5 Kf8 34. Kf3 Ke7 35. Ke4 Kd8 36. Rc5 g6 1/2-1/2

[Event "Slovakia Chess Open 2024"]
[Site "Modra"]
[Date "2024.03.02"]
[Round "2.16"]
[White "Rozboril, Alex"]
[Black "Zentko, Ladislav"]
[Result "0-1"]
[ECO "C25"]
[WhiteElo "1563"]
[BlackElo "1749"]
[Annotator "NA RC"]
[PlyCount "54"]
[EventDate "2024.02.29"]
[EventType "swiss"]
[EventCountry "SVK"]
[SourceTitle "playchess.com"]
[Source "ChessBase"]
[SourceQuality "1"]
[TimeControl "5400+30"]

1. e4 e5 2. Nc3 Bc5 3. f4 Nc6 4. fxe5 d6 5. exd6 Qxd6 6. Nf3 Bg4 7. Be2 O-O-O 8. d3 Nf6 9. Ng5 Bxe2 10. Qxe2 Rd7 11. Be3 Bxe3 12. Qxe3 Nd4 13. O-O-O Re8 14. Qh3 Qf4+ 15. Kb1 Qxg5 16. Rhe1 Qg4 17. e5 Qxh3 18. gxh3 Nd5 19. Nxd5 Rxd5 20. Rf1 Re7 21. c3 Ne6 22. d4 c5 23. Rg1 cxd4 24. cxd4 Red7 25. Rc1+ Rc7 26. Rcd1 Kd7 27. b3 Rc3 0-1

[Event "Slovakia Chess Open 2024"]
[Site "Modra"]
[Date "2024.03.02"]
[Round "2.17"]
[White "Banas, Samuel"]
[Black "Mruskovic, Ondrej"]
[Result "0-1"]
[ECO "C01"]
[WhiteElo "1733"]
[BlackElo "1510"]
[Annotator "NA"]
[PlyCount "46"]
[EventDate "2024.02.29"]
[EventType "swiss"]
[EventCountry "SVK"]
[SourceTitle "playchess.com"]
[Source "ChessBase"]
[SourceQuality "1"]
[TimeControl "5400+30"]

1. e4 e6 2. d4 d5 3. exd5 exd5 4. Bd3 Nf6 5. Nf3 Bg4 6. Bg5 Nbd7 7. Qe2+ Qe7 8. Qxe7+ Bxe7 9. h3 Bxf3 10. gxf3 O-O 11. Nd2 Rfe8 12. O-O-O Nh5 13. Rhg1 Bxg5 14. Rxg5 g6 15. Rxd5 Ndf6 16. Rg5 Nf4 17. Bf1 Ne2+ 18. Kb1 Nxd4 19. Bc4 Rad8 20. Rc5 Nxf3 21. Kc1 Nxd2 22. Rxd2 Re1+ 23. Rd1 Rdxd1# 0-1

[Event "Slovakia Chess Open 2024"]
[Site "Modra"]
[Date "2024.03.02"]
[Round "2.18"]
[White "Hanzel, Richard"]
[Black "Hitka, Dominik"]
[Result "1/2-1/2"]
[ECO "C42"]
[WhiteElo "1531"]
[BlackElo "1709"]
[Annotator "NA RC"]
[PlyCount "76"]
[EventDate "2024.02.29"]
[EventType "swiss"]
[EventCountry "SVK"]
[SourceTitle "playchess.com"]
[Source "ChessBase"]
[SourceQuality "1"]
[TimeControl "5400+30"]

1. e4 e5 2. Nf3 Nf6 3. Nxe5 Qe7 4. Nf3 Qxe4+ 5. Qe2 Bc5 6. Nc3 Qxe2+ 7. Bxe2 a6 8. h3 O-O 9. O-O Nc6 10. a3 b5 11. b4 Bb6 12. Bb2 Re8 13. Rfe1 Bb7 14. Bd3 Nd4 15. Nxd4 Bxd4 16. Rab1 Rxe1+ 17. Rxe1 Nd5 18. Be4 c6 19. Bxd5 cxd5 20. Nd1 Bxb2 21. Nxb2 Kf8 22. Nd3 d6 23. c3 Rc8 24. f3 d4 25. Rc1 Rc4 26. Kf2 dxc3 27. Rxc3 d5 28. Rxc4 dxc4 29. Nc5 Bc8 30. Ke3 Ke7 31. Ke4 Kd6 32. h4 h5 33. Kd4 f6 34. f4 Kc6 35. Ke4 g6 36. g3 f5+ 37. Kd4 Kd6 38. d3 cxd3 1/2-1/2

[Event "Slovakia Chess Open 2024"]
[Site "Modra"]
[Date "2024.03.02"]
[Round "3.1"]
[White "Krivoborodov, Egor"]
[Black "Galla, Richard"]
[Result "1-0"]
[ECO "E18"]
[WhiteElo "2555"]
[BlackElo "1975"]
[Annotator "RC"]
[PlyCount "59"]
[EventDate "2024.02.29"]
[EventType "swiss"]
[EventCountry "SVK"]
[SourceTitle "playchess.com"]
[Source "ChessBase"]
[SourceQuality "1"]
[TimeControl "5400+30"]

1. Nf3 Nf6 2. g3 b6 3. Bg2 Bb7 4. O-O d5 5. d4 e6 6. c4 dxc4 7. Qa4+ Nbd7 8. Qxc4 Be7 9. Nc3 O-O 10. Rd1 a6 11. a4 c5 12. dxc5 Bxc5 13. Bg5 Qc7 14. Qf4 Qxf4 15. Bxf4 Rfd8 16. Nd2 Bxg2 17. Kxg2 h6 18. Nde4 Rac8 19. Nxc5 Rxc5 20. Rd6 Rb8 21. Rad1 Rb7 22. e4 e5 23. Be3 Rc4 24. Kf3 Nc5 25. Rc6 Rd7 26. a5 Rxc3 27. Rxd7 Rxe3+ 28. Kxe3 Nfxd7 29. axb6 a5 30. Rc8+ 1-0

[Event "Slovakia Chess Open 2024"]
[Site "Modra"]
[Date "2024.03.02"]
[Round "3.2"]
[White "Banas, Kamil"]
[Black "Bochnicka, Vladimir"]
[Result "0-1"]
[ECO "C45"]
[WhiteElo "2162"]
[BlackElo "2413"]
[Annotator "RC"]
[PlyCount "58"]
[EventDate "2024.02.29"]
[EventType "swiss"]
[EventCountry "SVK"]
[SourceTitle "playchess.com"]
[Source "ChessBase"]
[SourceQuality "1"]
[TimeControl "5400+30"]

1. e4 e5 2. Nf3 Nc6 3. d4 exd4 4. Nxd4 Bc5 5. Nb3 Bb6 6. Nc3 d6 7. a4 a5 8. Nd5 Nf6 9. Nxb6 cxb6 10. Bc4 O-O 11. O-O Nxe4 12. Re1 Nxf2 13. Qf3 Ng4 14. Bg5 Qd7 15. Qg3 Qf5 16. Bf4 Nge5 17. Bd5 Ng6 18. Bxd6 Qxd5 19. Bxf8 Nxf8 20. Re8 f6 21. Qc7 Bh3 22. Re2 Re8 23. Rd2 Qg5 24. Qxb7 Qe3+ 25. Rf2 Bd7 26. Rd1 Ne5 27. h3 Bc6 28. Qc7 Ne6 29. Qd6 Nf4 0-1

[Event "Slovakia Chess Open 2024"]
[Site "Modra"]
[Date "2024.03.02"]
[Round "3.3"]
[White "Mruskovic, Radoslav"]
[Black "Stevik, Patrik"]
[Result "0-1"]
[ECO "D40"]
[WhiteElo "1933"]
[BlackElo "2167"]
[Annotator "RC"]
[PlyCount "64"]
[EventDate "2024.02.29"]
[EventType "swiss"]
[EventCountry "SVK"]
[SourceTitle "playchess.com"]
[Source "ChessBase"]
[SourceQuality "1"]
[TimeControl "5400+30"]

1. d4 d5 2. c4 e6 3. Nf3 c5 4. e3 Nf6 5. Nc3 a6 6. cxd5 Nxd5 7. g3 cxd4 8. exd4 b5 9. Nxd5 Qxd5 10. Bg2 Bb4+ 11. Bd2 Bxd2+ 12. Qxd2 Bb7 13. O-O O-O 14. Rfc1 Qd6 15. Rc3 Nd7 16. Qc2 Nf6 17. Rd1 Be4 18. Qe2 Rfd8 19. Re3 Bd5 20. b3 Rac8 21. Ne5 Bxg2 22. Kxg2 Nd5 23. Red3 f6 24. Ng4 Nc3 25. Qd2 Nxd1 26. Qxd1 Qc6+ 27. Kh3 Qc2 28. Qf3 h5 29. Nxf6+ gxf6 30. Qe4 Qc7 31. Qxe6+ Qf7 32. Qxa6 Qd7+ 0-1

[Event "Slovakia Chess Open 2024"]
[Site "Modra"]
[Date "2024.03.02"]
[Round "3.4"]
[White "Shirinyan, Daniel"]
[Black "Visvader, Kristof"]
[Result "1-0"]
[ECO "D36"]
[WhiteElo "2177"]
[BlackElo "1696"]
[Annotator "RC"]
[PlyCount "81"]
[EventDate "2024.02.29"]
[EventType "swiss"]
[EventCountry "SVK"]
[SourceTitle "playchess.com"]
[Source "ChessBase"]
[SourceQuality "1"]
[TimeControl "5400+30"]

1. d4 d5 2. c4 c6 3. Nc3 Nf6 4. Bg5 e6 5. cxd5 exd5 6. Qc2 Bd6 7. e3 O-O 8. Bd3 h6 9. Bh4 Nbd7 10. Nge2 Qc7 11. h3 Re8 12. Bg3 a5 13. Nb5 cxb5 14. Qxc7 Bxc7 15. Bxc7 b4 16. Rc1 b6 17. O-O Ba6 18. Bxa6 Rxa6 19. Rc6 Rc8 20. Rfc1 Ne8 21. Nf4 Nef6 22. f3 Re8 23. Kf2 g5 24. Nd3 Re6 25. Rxe6 fxe6 26. Rc6 Kf7 27. Nc5 Ra8 28. Bxb6 Nxc5 29. Bxc5 Nd7 30. Bd6 Ra7 31. Ke2 Rb7 32. Rc7 Rxc7 33. Bxc7 a4 34. b3 axb3 35. axb3 Kf6 36. g4 e5 37. Bxe5+ Nxe5 38. dxe5+ Kxe5 39. Kd3 Ke6 40. Kd4 Kd6 41. e4 1-0

[Event "Slovakia Chess Open 2024"]
[Site "Modra"]
[Date "2024.03.02"]
[Round "3.5"]
[White "Petrik, Matus"]
[Black "Oruzinsky, Juraj"]
[Result "0-1"]
[ECO "E65"]
[WhiteElo "1812"]
[BlackElo "2160"]
[Annotator "RC"]
[PlyCount "88"]
[EventDate "2024.02.29"]
[EventType "swiss"]
[EventCountry "SVK"]
[SourceTitle "playchess.com"]
[Source "ChessBase"]
[SourceQuality "1"]
[TimeControl "5400+30"]

1. c4 Nf6 2. Nc3 g6 3. g3 Bg7 4. Bg2 O-O 5. Nf3 d6 6. O-O Nbd7 7. d4 c5 8. Qc2 cxd4 9. Nxd4 Nc5 10. Rd1 Bd7 11. b3 Qc8 12. Bb2 Bh3 13. Nd5 Nxd5 14. Bxd5 a6 15. Rac1 Rb8 16. Qd2 Nd7 17. Qe3 Ne5 18. Rc2 Qc7 19. Rdc1 Nc6 20. Qd2 Qb6 21. Nxc6 bxc6 22. Bxg7 Kxg7 23. c5 dxc5 24. Bf3 Rbd8 25. Qe3 Rd6 26. Rxc5 Rfd8 27. Qc3+ Kg8 28. e3 Rd3 29. Qa1 Rd2 30. Rxc6 Qa5 31. R6c5 Qxa2 32. Qxa2 Rxa2 33. R5c2 Ra3 34. Rb2 Rb8 35. Bd5 Kg7 36. f4 a5 37. Kf2 e6 38. Bc4 Ra4 39. Rd2 Rab4 40. Kf3 h5 41. Rd7 a4 42. bxa4 Rxa4 43. Bb5 Rxb5 44. Rcc7 Bg4+ 0-1

[Event "Slovakia Chess Open 2024"]
[Site "Modra"]
[Date "2024.03.02"]
[Round "3.6"]
[White "Pietrucha, Jaroslaw"]
[Black "Lepejova Viola"]
[Result "1-0"]
[ECO "C45"]
[WhiteElo "1781"]
[BlackElo "1000"]
[Annotator "NA RC"]
[PlyCount "51"]
[EventDate "2024.02.29"]
[EventType "swiss"]
[EventCountry "SVK"]
[SourceTitle "playchess.com"]
[Source "ChessBase"]
[SourceQuality "1"]
[TimeControl "5400+30"]

1. e4 e5 2. Nf3 Nc6 3. d4 exd4 4. Nxd4 Nxd4 5. Qxd4 Be7 6. Qxg7 Bf6 7. Qg3 d6 8. Nc3 Be6 9. Be2 Be5 10. f4 Bf6 11. O-O c6 12. Kh1 Qa5 13. f5 Bd7 14. Bf4 Be5 15. Bxe5 dxe5 16. Qg7 O-O-O 17. Qxh8 f6 18. Qxh7 c5 19. Bc4 b5 20. Bxg8 b4 21. Nd5 Bb5 22. Rfd1 a6 23. Qa7 Rd6 24. Ne7+ Kd8 25. Rxd6+ Ke8 26. Ng6 1-0

[Event "Slovakia Chess Open 2024"]
[Site "Modra"]
[Date "2024.03.02"]
[Round "3.7"]
[White "Bucor, Mark"]
[Black "Chojnacki, Kevin"]
[Result "1-0"]
[ECO "B04"]
[WhiteElo "1852"]
[BlackElo "1672"]
[Annotator "NA"]
[PlyCount "63"]
[EventDate "2024.02.29"]
[EventType "swiss"]
[EventCountry "SVK"]
[SourceTitle "playchess.com"]
[Source "ChessBase"]
[SourceQuality "1"]
[TimeControl "5400+30"]

1. e4 Nf6 2. e5 Nd5 3. d4 Nb6 4. c4 d6 5. exd6 cxd6 6. Nf3 g6 7. Nc3 Bg7 8. Be3 Be6 9. Rc1 O-O 10. b3 Bg4 11. Be2 Bxf3 12. Bxf3 Nc6 13. O-O e5 14. Bxc6 bxc6 15. dxe5 dxe5 16. Qf3 Qf6 17. Qg3 Qe6 18. f4 exf4 19. Bxf4 h5 20. Rce1 Qg4 21. Qxg4 hxg4 22. Ne4 f5 23. Ng5 Rfe8 24. Ne6 Re7 25. Nxg7 Rxg7 26. Re6 Nd7 27. Rxc6 g5 28. Bd6 f4 29. Re1 Rg6 30. c5 g3 31. hxg3 fxg3 32. Rc7 1-0

[Event "Slovakia Chess Open 2024"]
[Site "Modra"]
[Date "2024.03.02"]
[Round "3.8"]
[White "Melih, Mario"]
[Black "Zentko, Ladislav"]
[Result "1-0"]
[ECO "C79"]
[WhiteElo "1930"]
[BlackElo "1749"]
[Annotator "NA RC"]
[PlyCount "73"]
[EventDate "2024.02.29"]
[EventType "swiss"]
[EventCountry "SVK"]
[SourceTitle "playchess.com"]
[Source "ChessBase"]
[SourceQuality "1"]
[TimeControl "5400+30"]

1. e4 e5 2. Nf3 Nc6 3. Bb5 a6 4. Ba4 d6 5. O-O Nf6 6. d4 Bd7 7. Re1 Be7 8. c4 O-O 9. Bxc6 Bxc6 10. d5 Bd7 11. Nc3 Ne8 12. Be3 f5 13. exf5 Bxf5 14. Nd2 Bg5 15. Nde4 Bxe3 16. Rxe3 Nf6 17. Ng3 Ng4 18. Nxf5 Nxe3 19. Nxe3 Qg5 20. Ne4 Qg6 21. Qg4 Qxg4 22. Nxg4 b5 23. c5 dxc5 24. Nxc5 Rf4 25. Ne3 Rd4 26. Ne6 Rd2 27. Nxc7 Rc8 28. Ne6 Rxb2 29. Rd1 Kf7 30. Ng5+ Kg6 31. Ne4 Rxa2 32. d6 Ra4 33. d7 Rd8 34. Rd6+ Kf7 35. Ng5+ Ke7 36. Nf5+ Kf8 37. g3 1-0

[Event "Slovakia Chess Open 2024"]
[Site "Modra"]
[Date "2024.03.02"]
[Round "3.9"]
[White "Gonda, Jan"]
[Black "Novomeska, Karin"]
[Result "0-1"]
[ECO "D12"]
[WhiteElo "1657"]
[BlackElo "1929"]
[Annotator "NA RC"]
[PlyCount "74"]
[EventDate "2024.02.29"]
[EventType "swiss"]
[EventCountry "SVK"]
[SourceTitle "playchess.com"]
[Source "ChessBase"]
[SourceQuality "1"]
[TimeControl "5400+30"]

1. d4 d5 2. c4 c6 3. e3 Nf6 4. Nf3 Bf5 5. Nc3 e6 6. a3 Be7 7. b4 O-O 8. Bb2 b6 9. Rc1 c5 10. dxc5 bxc5 11. bxc5 dxc4 12. Qxd8 Rxd8 13. Bxc4 Nbd7 14. Na4 Bxc5 15. O-O Ne4 16. Nxc5 Ndxc5 17. Bd4 Rac8 18. h3 Nd6 19. Be2 Nb3 20. Rxc8 Rxc8 21. Bxa7 Ra8 22. Rd1 Rxa7 23. Rxd6 g6 24. Bd3 Rxa3 25. Bxf5 exf5 26. Rd3 Ra1+ 27. Kh2 Nc5 28. Rd2 Ne4 29. Rd8+ Kg7 30. Rd4 Nxf2 31. Kg3 Ne4+ 32. Kf4 Nf6 33. Rd2 h6 34. Rc2 Nd5+ 35. Kg3 Nxe3 36. Rb2 g5 37. Rd2 Nf1+ 0-1

[Event "Slovakia Chess Open 2024"]
[Site "Modra"]
[Date "2024.03.02"]
[Round "3.10"]
[White "Kukla, Tomas"]
[Black "Li, Geng Hui"]
[Result "1-0"]
[ECO "C18"]
[WhiteElo "1864"]
[BlackElo "1555"]
[Annotator "NA RC"]
[PlyCount "39"]
[EventDate "2024.02.29"]
[EventType "swiss"]
[EventCountry "SVK"]
[SourceTitle "playchess.com"]
[Source "ChessBase"]
[SourceQuality "1"]
[TimeControl "5400+30"]

1. e4 e6 2. d4 d5 3. Nc3 Bb4 4. e5 Ne7 5. a3 Bxc3+ 6. bxc3 c5 7. Qg4 Qa5 8. Bd2 Ng6 9. h4 h5 10. Qg3 Qc7 11. Bd3 Nc6 12. Bxg6 fxg6 13. Qxg6+ Kd8 14. Bg5+ Ne7 15. Qxg7 Re8 16. Nf3 cxd4 17. O-O d3 18. cxd3 Bd7 19. Rac1 Kc8 20. Bxe7 1-0

[Event "Slovakia Chess Open 2024"]
[Site "Modra"]
[Date "2024.03.02"]
[Round "3.11"]
[White "Mruskovic, Ondrej"]
[Black "Pisarcik, Richard"]
[Result "0-1"]
[ECO "C67"]
[WhiteElo "1510"]
[BlackElo "1855"]
[Annotator "NA RC"]
[PlyCount "44"]
[EventDate "2024.02.29"]
[EventType "swiss"]
[EventCountry "SVK"]
[SourceTitle "playchess.com"]
[Source "ChessBase"]
[SourceQuality "1"]
[TimeControl "5400+30"]

1. e4 e5 2. Nf3 Nc6 3. Bb5 Nf6 4. O-O Nxe4 5. Re1 Nd6 6. Nxe5 Be7 7. Nxc6 dxc6 8. Ba4 a5 9. c3 Bf5 10. d4 O-O 11. Bc2 Bf6 12. Bf4 Qd7 13. Nd2 Rfe8 14. f3 Rxe1+ 15. Qxe1 Bxc2 16. Qf2 Bg6 17. Nb3 b6 18. Rd1 Re8 19. Rc1 Qf5 20. Qg3 Qd3 21. Bxd6 cxd6 22. Qxd6 Qe3+ 0-1

[Event "Slovakia Chess Open 2024"]
[Site "Modra"]
[Date "2024.03.02"]
[Round "3.13"]
[White "Loffay, Pavol"]
[Black "Gecik Jergus"]
[Result "1-0"]
[ECO "C30"]
[WhiteElo "1753"]
[BlackElo "1000"]
[Annotator "NA RC"]
[PlyCount "48"]
[EventDate "2024.02.29"]
[EventType "swiss"]
[EventCountry "SVK"]
[SourceTitle "playchess.com"]
[Source "ChessBase"]
[SourceQuality "1"]
[TimeControl "5400+30"]

1. f4 e5 2. e4 Bc5 3. Nf3 Nf6 4. Nc3 exf4 5. d4 Bb4 6. Bd3 Nc6 7. Bxf4 d5 8. e5 Ne4 9. Bd2 Bg4 10. Nxe4 dxe4 11. Bxe4 Bxd2+ 12. Qxd2 Bxf3 13. Bxf3 Nxd4 14. O-O-O c5 15. Qf4 f6 16. c3 fxe5 17. Qxe5+ Kf7 18. cxd4 cxd4 19. Rxd4 Qc8+ 20. Kb1 Re8 21. Bd5+ Re6 22. Bxe6+ Qxe6 23. Rf1+ Ke7 24. Qxg7+ Ke8 1-0

[Event "Slovakia Chess Open 2024"]
[Site "Modra"]
[Date "2024.03.02"]
[Round "3.14"]
[White "Pikulik, Roman"]
[Black "Nosal, Tobias"]
[Result "0-1"]
[ECO "A21"]
[WhiteElo "1675"]
[BlackElo "1773"]
[Annotator "NA RC"]
[PlyCount "82"]
[EventDate "2024.02.29"]
[EventType "swiss"]
[EventCountry "SVK"]
[SourceTitle "playchess.com"]
[Source "ChessBase"]
[SourceQuality "1"]
[TimeControl "5400+30"]

1. c4 f5 2. Nc3 Nf6 3. g3 e5 4. d3 d6 5. Bg2 Be7 6. Nf3 O-O 7. O-O a5 8. Rb1 Qe8 9. Ne1 Qh5 10. e3 Qxd1 11. Nxd1 c6 12. Nc3 Na6 13. a3 Nc7 14. b4 axb4 15. axb4 Be6 16. b5 d5 17. bxc6 bxc6 18. Rb7 Rfc8 19. Nf3 Nd7 20. cxd5 cxd5 21. e4 fxe4 22. dxe4 Nc5 23. Rb6 d4 24. Nb5 Nxb5 25. Rxb5 Bc4 26. Rxc5 Bxc5 27. Re1 Bb4 28. Bd2 Bxd2 29. Nxd2 Kf7 30. h4 Ra2 31. Nf3 Kf6 32. Bh3 Rb8 33. Rc1 Bd3 34. Rc6+ Ke7 35. Re6+ Kf8 36. Rxe5 Rb1+ 37. Kg2 Bf1+ 38. Kh2 Rxf2+ 39. Bg2 Bxg2 40. Rf5+ Ke7 41. Nxd4 Rh1# 0-1